 Dungeon Crawl Stone Soup version 0.23.1 (webtiles) character file.

Game seed: 7773002016399577430

70 pjoxt the Poker (level 4, -4/40 HPs)
             Began as a Draconian Monk on Mar 6, 2019.
             Slain by a worker ant (8 damage)
             ... on level 3 of the Dungeon.
             The game lasted 00:02:20 (1122 turns).

pjoxt the Poker (Draconian Monk)                    Turns: 1122, Time: 00:02:21

Health: -4/40      AC:  5    Str: 14    XL:     4   Next: 4%
Magic:  4/4        EV: 13    Int: 11    God:
Gold:   99         SH:  0    Dex: 13    Spells: 3/3 levels left

rFire    . . .     SeeInvis .   a - +0 spear
rCold    . . .     Gourm    .   (no shield)
rNeg     . . .     Faith    .   (armour unavailable)
rPois    .         Spirit   .   (helmet restricted)
rElec    .         Reflect  .   (no cloak)
rCorr    .         Harm     .   (no gloves)
MR       .....                  (no boots)
Stlth    ++........             (no amulet)
HPRegen  0.13/turn              (no ring)
MPRegen  0.09/turn              (no ring)

@: lethally poisoned (-4 -> -13)
A: unfitting armour, cold-blooded, AC +5
a: no special abilities


You were on level 3 of the Dungeon.
You were not hungry.

You visited 1 branch of the dungeon, and saw 3 of its levels.

You collected 99 gold pieces.

Inventory:

Hand Weapons
 a - a +0 spear (weapon)
Jewellery
 h - an uncursed ring of protection from fire {unknown}
Scrolls
 c - 3 scrolls of identify {unknown}
 d - 4 scrolls of teleportation {unknown}
 i - a scroll of blinking {unknown}
 j - a scroll of magic mapping {unknown}
Potions
 e - a potion of haste {unknown}
 g - a potion of agility {unknown}
 k - a potion of flight {unknown}
 l - a potion of curing {unknown}
Comestibles
 b - 3 rations
 f - 4 chunks of flesh


   Skills:
 + Level 3.9 Fighting
 * Level 4.1 Polearms
 + Level 3.1 Dodging
 - Level 1.7 Stealth


You had 3 spell levels left.
You didn't know any spells.
Your spell library contained the following spells:

 Spells                   Type           Power        Failure   Level  Hunger
 Confusing Touch          Hex            #.....       34%         1    ##.....
 Confuse                  Hex            #.......     71%         3    ####...
 Gell's Gravitas          Tloc           #.........   71%         3    ####...
 Petrify                  Tmut/Erth      #.......     98%         4    #####..
 Metabolic Englaciation   Hex/Ice        #.........   100%        5    ######.
 Yara's Violent Unravell  Hex/Tmut       #.........   100%        5    ######.


Dungeon Overview and Level Annotations

Branches:
Dungeon (3/15)

Altars:


Innate Abilities, Weirdness & Mutations

Your plain brown scales are hard. (AC +5)
You cannot fit into any form of body armour.
You are cold-blooded and may be slowed by cold attacks.


Message History

You hit the worker ant.
The worker ant is almost dead.
The worker ant bites you.
You barely miss the worker ant.
The worker ant is almost dead.
The worker ant bites you!
* * * LOW HITPOINT WARNING * * *
You are lethally poisoned!
The worker ant poisons you! The worker ant closely misses you.
You hit the worker ant but do no damage.
The worker ant is almost dead.
* * * LOW HITPOINT WARNING * * *
You feel sick.
The worker ant bites you but does no damage.
You barely miss the worker ant.
You tail-slap the worker ant, but do no damage.
The worker ant is almost dead.
* * * LOW HITPOINT WARNING * * *
You feel sick. The worker ant bites you!
You die...

### ..################
#.#......##... ..# #
.......#.##.####.###...#
#.#.##.#.#...#((@a.....#
..#.##.........#.###...#
###......#...###... .
###########......### ..#
#.####.# #.### #.# #.#
#...# ##+## #.# #.#.#
##...###.# ..#.#
##.....##.##


You could see a worker ant.

Vanquished Creatures
  3 adders (D:3)
  2 worms (D:2)
  2 dart slugs (D:1)
  2 leopard geckos (D:2)
  3 ball pythons
  3 bats
  3 goblins
  3 hobgoblins
  3 kobolds
  2 quokkas (D:2)
  A frilled lizard (D:2)
  6 rats
33 creatures vanquished.

Notes
Turn   | Place    | Note
-------+----------+-------------------------------------------
     0 | D:1      | pjoxt the Draconian Monk began the quest for the Orb.
     0 | D:1      | Reached XP level 1. HP: 19/19 MP: 1/1
    65 | D:1      | Reached XP level 2. HP: 20/26 MP: 2/2
   387 | D:2      | Reached XP level 3. HP: 19/33 MP: 3/3
   840 | D:3      | Reached skill level 4 in Polearms
  1020 | D:3      | Reached XP level 4. HP: 32/40 MP: 4/4
  1122 | D:3      | Slain by a worker ant

Skill      XL: |  1  2  3 |
---------------+----------+-----
Dodging        | 3 |  3.1
Polearms       | 4 |  4.1
Fighting       | |  3.9
Stealth        | |  1.7

Action                   |  1- 3 |  4- 6 || total
-------------------------+-------+-------++-------
Melee: Spear             |   112 |    29 ||   141
       Tailslap          |     7 |     1 ||     8
 Stab: Sleeping          |     6 |       ||     6
  Eat: Chunk             |       |     1 ||     1
Armor: Skin              |     8 |     2 ||    10
Dodge: Dodged            |    34 |    18 ||    52
